 Dungeon Crawl Stone Soup version 0.32-a0-614-gd166fa89d2 (webtiles) character file.

Game seed: 8384911440095181492

8071 senseless the Basher (level 11, -5/99 HPs)
             Began as a Mountain Dwarf Fighter on Mar 5, 2024.
             Was an Elder of Beogh.
             Slain by a six-headed hydra (11 damage)
             ... on level 10 of the Dungeon.
             The game lasted 00:25:53 (8732 turns).

senseless the Basher (Mountain Dwarf Fighter)       Turns: 8732, Time: 00:25:54

Health: -5/99      AC: 20    Str: 21    XL:     11   Next: 5%
Magic:  11/11      EV:  6    Int:  9    God:    Beogh [****..]
Gold:   431        SH: 11    Dex: 13    Spells: 10/10 levels left

rFire   + . .        M - +2 flail (holy)
rCold   . . .        Q - +0 kite shield
rNeg    . . .        i - +0 plate armour
rPois   +            F - +2 hat "Wetagayq" {Slay+2}
rElec   .            n - +0 cloak
rCorr   .            z - +1 pair of gloves
SInv    .            (no boots)
Will    +....        e - amulet of magic regeneration
Stlth   x              - ring of protection from fire
HPRegen 0.36/turn    b - ring of poison resistance
MPRegen 0.52/turn

%: no passive effects
@: lethally poisoned (-5 -> -15), about to teleport
A: runic magic, artefact enchanting, horns 2, agile 1
a: Renounce Religion, Smiting, Recall Apostles, Dismiss Wargath, priest, Dismiss
Borgoth, warrior


You were on level 10 of the Dungeon.
You worshipped Beogh.
Beogh was greatly pleased with you.
You visited 1 branch of the dungeon, and saw 10 of its levels.

You collected 431 gold pieces.

Inventory:

Hand Weapons
 a - a +0 heavy flail
 m - the +3 hand axe "Kump" {freeze, rCorr Str+4 Int+2}
   (You found it on level 2 of the Dungeon)

   Str+4:     It affects your strength (+4).
   Int+2:     It affects your intelligence (+2).
   rCorr:     It protects you from acid and corrosion.
 J - a +3 trident of protection
 L - the +7 mace of Variability {chaos, chaos arc}
   (You found it on level 9 of the Dungeon)
 M - a +2 flail of holy wrath (weapon)
Missiles
 h - 5 javelins
 o - 2 throwing nets
 p - 7 atropa-tipped darts
 t - 4 poisoned darts
 u - 9 boomerangs
Armour
 c - a +0 buckler
 i - a +0 plate armour (worn)
 n - a +0 cloak (worn)
 z - a +1 pair of gloves (worn)
 F - the +2 hat "Wetagayq" (worn) {Slay+2}
   (You acquired it on level 7 of the Dungeon)

   Slay+2:    It affects your accuracy & damage with ranged weapons and melee
   (+2).
 P - the +3 ring mail of Focus {Harm *Slow rC+ Stlth+}
   (You found it on level 9 of the Dungeon)

   rC+:       It protects you from cold.
   *Slow:     It may slow you when you take damage.
   Harm:      It increases damage dealt and taken.
   Stlth+:    It makes you more stealthy.
 Q - a +0 kite shield (worn)
Jewellery
 b - a ring of poison resistance (right hand)
 e - an amulet of magic regeneration (around neck)
 x - a ring of protection from fire (left hand)
 A - a ring of protection from cold
 D - a ring of willpower
 K - a ring of see invisible
Talismans
 w - a granite talisman
Wands
 l - a wand of paralysis (15)
 H - a wand of iceblast (5) (quivered)
 I - a wand of flame (5)
 N - a wand of polymorph (6)
Scrolls
 d - a scroll of revelation
 q - a scroll of teleportation
 y - a scroll of fog
 C - a scroll of enchant weapon
 G - 2 scrolls of amnesia
 O - a scroll of brand weapon
Potions
 g - 3 potions of enlightenment
 j - 2 potions of cancellation
 k - 3 potions of mutation
 r - 2 potions of curing
 s - a potion of brilliance
 v - a potion of magic
 B - 2 potions of resistance
 E - 2 potions of attraction
 R - a potion of haste


   Skills:
 + Level 10.0 Fighting
 + Level 10.5 Maces & Flails
 + Level 10.0 Armour
 + Level 10.0 Shields


You had 10 spell levels left.
You didn't know any spells.
Your spell library contained the following spells:

 Spells                   Type           Power      Damage    Failure   Level
 Magic Dart               Conj           0%         1d3       83%         1
 Blink                    Tloc           0%         N/A       92%         2
 Cigotuvi's Dreadful Rot  Necr/Alch/Air  0%         N/A       92%         2
 Lesser Beckoning         Tloc           0%         N/A       92%         2
 Momentum Strike          Conj/Tloc      0%         3d8       92%         2
 Searing Ray              Conj           0%         2d4       92%         2
 Animate Dead             Necr           0%         N/A       100%        4
 Fulminant Prism          Conj/Alch      0%         3d5       100%        4
 Ignite Poison            Fire/Alch      0%         N/A       100%        4
 Alistair's Intoxication  Alch           0%         N/A       100%        5
 Borgnjor's Vile Clutch   Necr/Erth      0%         N/A       100%        5
 Freezing Cloud           Conj/Ice/Air   0%         6-21      100%        5
 Death Channel            Necr           0%         N/A       100%        6
 Eringya's Noxious Bog    Alch           0%         4d6       100%        6


Dungeon Overview and Level Annotations

Branches:
Dungeon (10/15)            Temple (0/1) D:7            Lair (0/5) D:10
    Orc (0/2) D:10

Altars:
Cheibriados
Elyvilon
Hepliaklqana
Qazlal
Ru
Sif Muna
Trog
Uskayaw
Xom
Yredelemnul
Zin
Beogh

Shops:
D:6 (


Innate Abilities, Weirdness & Mutations

Your facial features look somewhat orcish.
Your spellcasting is much less encumbered by armour.
You can use scrolls of enchantment on lesser artefacts.
You have a pair of horns on your head.
You are agile. (Dex +4, Str/Int -1)


Message History

You block the gnoll sergeant's attack. The six-headed hydra bites you.
* * * LOW HITPOINT WARNING * * *
You block the six-headed hydra's attack. x2
The six-headed hydra bites you but does no damage. x2
The six-headed hydra completely misses you.
The gnoll sergeant hits you but does no damage. x2
You feel much better.
The six-headed hydra bites you but does no damage. x2
The six-headed hydra bites you.
* * * LOW HITPOINT WARNING * * *
The six-headed hydra bites you.
* * * LOW HITPOINT WARNING * * *
You block the six-headed hydra's attack.
The six-headed hydra barely misses you.
The gnoll sergeant hits you but does no damage.
You are poisoned.
The gnoll sergeant hits you but does no damage.
The six-headed hydra bites you but does no damage.
The six-headed hydra bites you!
* * * LOW HITPOINT WARNING * * *
The six-headed hydra bites you but does no damage.
The six-headed hydra bites you.
* * * LOW HITPOINT WARNING * * *
You block the six-headed hydra's attack.
The six-headed hydra bites you but does no damage.
As you read the scroll of teleportation, it crumbles to dust.
You feel strangely unstable.
You feel yourself speed up.
You feel sick.
The gnoll sergeant hits you from afar with a +5 trident of venom.
* * * LOW HITPOINT WARNING * * *
You are lethally poisoned!
You block the gnoll sergeant's attack. The six-headed hydra bites you.
* * * LOW HITPOINT WARNING * * *
The six-headed hydra bites you.
* * * LOW HITPOINT WARNING * * *
You block the six-headed hydra's attack. x2
The six-headed hydra bites you but does no damage.
The six-headed hydra bites you!
You die...

#.# ##.## #># #.. #.#
##...### #.#
##.########.....<# #.#
o.........##.###.# #.#
##.##.######.# ######
..# #....# #[#####....#
#####.### +#..ggg##.#
........# g..#D##.#
#########.. gT#@)..#
###########)##
#......#.....#
#.#..#.#.#.#.#
###......#.....#####
####.#......#.#.#.#...#
#....#.#..#.'†....###.#
#.##........####### #.#
#o##############.# #)#


You could see a six-headed hydra and 2 gnoll sergeants.

Vanquished Creatures
  A two-headed ogre (D:10)
  An unseen horror (D:10)
  A kobold demonologist (D:10)
  A tengu conjurer (D:8)
  A troll (D:10)
  2 wraiths (D:10)
  A yak (D:9)
  2 steam dragons
  A chaos spawn (D:9)
  An acid dragon (D:10)
  A water moccasin (D:8)
  A sky beast (D:6)
  An ice beast (D:7)
  3 black bears
  An orc warrior (D:9)
  Pargi (D:3)
  3 centaurs
  2 ogres
  A kobold brigand (D:10)
  2 scorpions
  3 bullfrogs
  3 gnoll sergeants
  6 wights
  A killer bee (D:10)
  5 howler monkeys
  A bullfrog zombie (D:5)
  2 bombardier beetles (D:5)
  A centaur zombie (D:5)
  3 hounds
  A jelly (D:6)
  9 orc priests
  Crazy Yiuf (D:6)
  5 sleepcaps
  5 iguanas
  4 orc wizards
  A scorpion zombie (D:5)
  A killer bee zombie (D:5)
  3 hound zombies
  7 adders
  9 gnolls
  A shadow imp (D:5)
  A white imp (D:6)
  An adder zombie (D:3)
  2 adder skeletons (D:3)
  A dart slug (D:2)
  4 ribbon worms
  20 orcs
  10 ball pythons
  6 bats
  7 endoplasms
  4 giant cockroaches
  9 goblins
  4 hobgoblins
  7 jackals
  8 kobolds
  A quokka (D:3)
  A ball python zombie (D:3)
  3 frilled lizards
  A quokka zombie (D:3)
  4 rats
194 creatures vanquished.

Vanquished Creatures (collateral kills)
  An elephant (D:10)
  A vampire (D:9)
  5 yaks
  A wyvern (D:10)
  A basilisk (D:10)
  A warg (D:10)
  A chaos spawn (D:9)
  A black bear (D:10)
  A gnoll sergeant (D:9)
  2 wights (D:9)
  A killer bee (D:10)
  2 howler monkeys (D:9)
  2 orc wizards
  3 gnolls (D:9)
  4 orcs
27 creatures vanquished.

Vanquished Creatures (others)
  An orc wizard (D:10)
  4 orcs
5 creatures vanquished.

Grand Total: 226 creatures vanquished

Notes
Turn   | Place    | Note
-------+----------+-------------------------------------------
     0 | D:1      | senseless the Mountain Dwarf Fighter began the quest for
                  | the Orb.
     0 | D:1      | Reached XP level 1. HP: 19/19 MP: 1/1
   199 | D:1      | Reached XP level 2. HP: 26/26 MP: 2/2
   984 | D:2      | Reached XP level 3. HP: 32/33 MP: 3/3
   991 | D:2      | Identified the +2 hand axe "Kump" {freeze, rCorr Str+4
                  | Int+2}
  1199 | D:2      | Reached XP level 4. HP: 37/40 MP: 4/4
  1644 | D:3      | Found a sacrificial altar of Ru.
  1669 | D:3      | Became a worshipper of Beogh the Shepherd
  1689 | D:3      | Found a shimmering altar of Xom.
  1772 | D:3      | Gained mutation: You have a pair of small horns on your
                  | head. [potion of mutation]
  1772 | D:3      | Gained mutation: You have a pair of horns on your head.
                  | [potion of mutation]
  1772 | D:3      | Gained mutation: You are agile. (Dex +4, Str/Int -1)
                  | [potion of mutation]
  1801 | D:3      | Reached XP level 5. HP: 46/46 MP: 5/5
  1852 | D:3      | Found a bloodstained altar of Trog.
  1854 | D:3      | Noticed Pargi
  1862 | D:3      | Killed Pargi
  1939 | D:3      | Reached * piety under Beogh
  2112 | D:3      | Reached XP level 6. HP: 53/53 MP: 6/6
  2964 | D:5      | Entered Level 5 of the Dungeon
  2985 | D:5      | Reached skill level 5 in Armour
  2990 | D:5      | Reached skill level 5 in Fighting
  2990 | D:5      | Reached skill level 5 in Shields
  3108 | D:5      | Found a glowing silver altar of Zin.
  3149 | D:5      | Reached skill level 5 in Maces & Flails
  3149 | D:5      | Reached XP level 7. HP: 47/61 MP: 7/7
  3485 | D:5      | Found a stormy altar of Qazlal.
  3553 | D:5      | Found a hazy altar of Hepliaklqana.
  3789 | D:5      | Found a basalt altar of Yredelemnul.
  3986 | D:6      | Found Vitofiphou's Weapon Shop.
  4106 | D:6      | Reached XP level 8. HP: 70/70 MP: 8/8
  4321 | D:6      | Reached ** piety under Beogh
  5003 | D:6      | Found a runed translucent door.
  5004 | D:6      | Noticed Crazy Yiuf
  5012 | D:6      | Paralysed by Crazy Yiuf for 1 turns
  5014 | D:6      | Killed Crazy Yiuf
  5089 | D:7      | Identified a scroll of acquirement
  5089 | D:7      | Acquired the +1 hat "Wetagayq" {Slay+2}
  5150 | D:7      | Found a staircase to the Ecumenical Temple.
  5390 | D:7      | Reached XP level 9. HP: 77/79 MP: 9/9
  5504 | D:7      | Found a roughly hewn altar of Beogh.
  5815 | D:8      | Reached *** piety under Beogh
  5861 | D:8      | Noticed Wargath
  5885 | D:8      | Anointed Wargath the priest as your apostle
  6536 | D:8      | Noticed a tengu conjurer
  6543 | D:8      | Killed a tengu conjurer
  7398 | D:9      | Identified the +3 ring mail of Focus {Harm *Slow rC+
                  | Stlth+}
  7428 | D:9      | Found a white marble altar of Elyvilon.
  7436 | D:9      | Reached XP level 10. HP: 63/90 MP: 10/10
  7440 | D:9      | Reached **** piety under Beogh
  7452 | D:9      | Identified the +8 great sword "Cafeweh" {flame, rElec
                  | Int+2}
  7474 | D:9      | Anointed Borgoth the warrior as your apostle
  7749 | D:9      | Found a shimmering blue altar of Sif Muna.
  7827 | D:9      | Found a shimmering altar of Xom.
  7829 | D:9      | Found the +7 mace of Variability {chaos, chaos arc}
  7879 | D:9      | Found a hide-covered altar of Uskayaw.
  8003 | D:10     | Entered Level 10 of the Dungeon
  8024 | D:10     | Found a snail-covered altar of Cheibriados.
  8184 | D:10     | Found a staircase to the Orcish Mines.
  8229 | D:10     | Noticed an elephant
  8230 | D:10     | Found a staircase to the Lair.
  8237 | D:10     | Killed an elephant
  8467 | D:10     | Reached skill level 10 in Maces & Flails
  8614 | D:10     | Noticed a six-headed hydra
  8674 | D:10     | Noticed a two-headed ogre
  8711 | D:10     | Killed a two-headed ogre
  8712 | D:10     | Reached skill level 10 in Fighting
  8712 | D:10     | Reached skill level 10 in Shields
  8712 | D:10     | Reached XP level 11. HP: 80/99 MP: 11/11
  8714 | D:10     | Reached skill level 10 in Armour
  8732 | D:10     | Slain by a six-headed hydra

Illustrated notes

Levels and vault maps discovered:
D:1:      dpeg_arrival_arbitrary_a, layout_loops_ring
D:2:      layout_loops_cross, minmay_indecisive_spiral
D:3:      layout_rooms, bloody_trog, mainiacjoe_overflow_catch_the_wave,
          serial_undead, serial_undead_d, serial_undead_a, serial_undead_f,
          serial_undead_a, uniq_pargi
D:4:      layout_rooms, columned_hall_lemuel
D:5:      layout_basic, mainiacjoe_overflow_tiny_flanked, zin_statuary,
          general_overflow_altar, nicolae_yredelemnul_corpse_copse,
          chequers_big_river, minmay_quadrilaterals
D:6:      minmay_general_purpose_star, layout_basic, serial_shops, shop,
          chequers_serial_rivers_micro_c, uniq_crazy_yiuf_cottage
D:7:      layout_basic, minmay_temple_entry_wispy, david_defended_altar_orc
D:8:      layout_loops_ring, minmay_misc_feat_more_columns, roderic_lattice_a,
          kennysheep_just_a_vault
D:9:      layout_cave_pools, mainiacjoe_overflow_small_starburst,
          mainiacjoe_overflow_24_doors,
          nicolae_uskayaw_murder_on_the_dancefloor,
          minmay_guarded_unrand_variability
D:10:     minmay_clustersquares, layout_loops_corners,
          mainiacjoe_overflow_catwalk, david_lair_generic, david_orc_3

Skill      XL: |  1  2  3  4  5  6  7  8  9 10 11 |
---------------+----------------------------------+-----
Maces & Flails | 3 4 5 6 7 9 10 | 10.5
Armour         | 4 5 6 7 8 9 10 | 10.0
Shields        | 4 5 6 7 8 10 | 10.0
Fighting       | 4 5 6 7 8 10 | 10.0

Action                     |  1- 3 |  4- 6 |  7- 9 | 10-12 || total
---------------------------+-------+-------+-------+-------++-------
  Melee: Flail             |    85 |       |    37 |   123 ||   245
         Hand axe          |    22 |   189 |   231 |       ||   442
         Headbutt          |       |    22 |    59 |    29 ||   110
 Invoke: Convert to Beogh  |       |     1 |       |       ||     1
         Recruit Apostle   |       |       |     1 |     1 ||     2
  Evoke: Wand              |       |       |     6 |       ||     6
    Use: Scroll            |       |    14 |    11 |     4 ||    29
         Potion            |       |     1 |     3 |     3 ||     7
   Stab: Distracted        |       |       |     1 |     3 ||     4
 Armour: Scale mail        |    17 |       |       |       ||    17
         Plate armour      |    87 |   187 |   280 |   142 ||   696
  Dodge: Dodged            |    38 |    62 |    78 |    28 ||   206
  Block: Buckler           |    26 |    44 |    75 |     1 ||   146
         Kite shield       |       |       |       |    90 ||    90

Table legend: (Time is in decaauts)
 A = Elapsed time spent in this place.
 B = Non-inter-level travel time spent in this place.
 C = Inter-level travel time spent in this place.
 D = Time resting spent in this place.
 E = Time spent auto-exploring this place.
 F = Levels seen in this place.
 G = Mean time per level.
                   A        B        C        D        E       F      G
               +--------+--------+--------+--------+--------+-----+--------+
         Total |   8851 |   8469 |    382 |    602 |   6299 |  10 |  885.1 |
       Dungeon |   8851 |   8469 |    382 |    602 |   6299 |  10 |  885.1 |
               +--------+--------+--------+--------+--------+-----+--------+

Top non-repeatable levels by time:
     D:8: 1440 daAuts
     D:6: 1107 daAuts
     D:5: 1048 daAuts
     D:1: 898 daAuts
     D:9: 870 daAuts
     D:2: 783 daAuts
     D:4: 743 daAuts
    D:10: 731 daAuts
     D:7: 625 daAuts
     D:3: 602 daAuts
